 Dungeon Crawl Stone Soup version 0.20.1-1-g8b1a95d (webtiles) character file.

75 polve the Conjurer (level 4, -6/24 HPs)
             Began as a Tengu Conjurer on July 8, 2017.
             Killed by divine providence
             ... invoked by an orc priest
              (10 damage)
             ... on level 3 of the Dungeon.
             The game lasted 00:01:30 (2331 turns).

polve the Conjurer (Tengu Conjurer)                 Turns: 2331, Time: 00:01:31

Health: -6/24      AC:  9    Str:  8    XL:     4   Next: 31%
Magic:  0/8        EV: 12    Int: 17    God:
Gold:   63         SH:  0    Dex: 14    Spells: 6/7 levels left

rFire    . . .     SeeInvis .   n - +0 dagger (protect)
rCold    . . .     Gourm    .   (no shield)
rNeg     . . .     Faith    .   a - +0 robe
rPois    .         Spirit   .   (helmet restricted)
rElec    .         Reflect  .   (no cloak)
rCorr    .         Harm     .   (no gloves)
MR       .....                  (boots unavailable)
Stlth    ++........             (no amulet)
Regen    0.1/turn               (no ring)
MPRegen  0.2/turn               (no ring)

@: protection aura
A: beak, talons 3
a: no special abilities


You were on level 3 of the Dungeon.
You were not hungry.

You visited 1 branch of the dungeon, and saw 3 of its levels.

You collected 63 gold pieces.

Inventory:

Hand Weapons
 n - a +0 dagger of protection (weapon)
Armour
 a - a +0 robe (worn)
Jewellery
 o - a cursed amulet of inaccuracy {unknown}
Scrolls
 d - a scroll of fog {unknown}
 e - a scroll of noise {unknown}
 g - a scroll of enchant weapon {unknown}
 i - 3 scrolls of enchant armour {unknown}
 m - a scroll of identify {unknown}
Potions
 h - 4 potions of might {unknown}
 j - 2 potions of lignification {unknown}
 l - a potion of degeneration {unknown}
 p - 2 potions of curing {unknown}
Books
 b - a book of Conjurations

   Spells                             Type                      Level
   a - Magic Dart                     Conjuration                  1
   b - Searing Ray                    Conjuration                  2
   c - Dazzling Spray                 Conjuration/Hexes            3
   d - Fulminant Prism                Conjuration/Hexes            4
   e - Force Lance                    Conjuration/Translocation    4
   f - Iskenderun's Mystic Blast      Conjuration                  4
Comestibles
 c - 2 bread rations
 f - 2 chunks of flesh
 k - a meat ration
 q - 3 fruits


   Skills:
 - Level 2.1 Dodging
 - Level 2.0 Stealth
 - Level 2.0 Spellcasting
 + Level 7.5 Conjurations


You had 6 spell levels left.
You knew the following spells:

 Your Spells              Type           Power        Failure   Level  Hunger
a - Magic Dart            Conj           ####         1%          1    #......


Dungeon Overview and Level Annotations

Branches:
Dungeon (3/15)

Altars:
Ashenzari
Gozag
Uskayaw


Innate Abilities, Weirdness & Mutations

You have a beak for a mouth.
You have claws for feet.


Message History

* * * LOW HITPOINT WARNING * * *
You hit the orc priest but do no damage.
Your weapon exudes an aura of protection.
Your kick misses the orc priest.
The orc priest is moderately wounded.
The orc priest barely misses you.
Casting: Magic Dart
Confirm with . or Enter, or press ? or * to list all spells.
Aiming: Magic Dart
Press: ? - help, Shift-Dir - straight line, f/p - orc priest
Aim: an orc priest, wielding a morningstar and wearing a chain mail (moderately wounded)
The magic dart hits the orc priest.
The orc priest is moderately wounded.
The orc priest closely misses you.
You hit the orc priest.
You claw the orc priest, but do no damage.
The orc priest is moderately wounded.
The orc priest mumbles some strange prayers to Beogh against you.
Beogh smites you!
You die...

##.....#
......# .....
... #)# #.#
#.# #o# #.#
#@# #.# #.#
#.# #(# #.#
#.# #.# #.#
#.# #.###.#
#.....########
#............#
#.##########.#


You could see an orc priest.

Vanquished Creatures
  A gnoll (D:1)
  An adder (D:2)
  An ooze (D:1)
  3 worms (D:2)
  A dart slug (D:2)
  3 orcs (D:3)
  A giant cockroach (D:2)
  3 goblins
  8 hobgoblins
  2 jackals (D:1)
  A quokka (D:2)
  6 bats
  A frilled lizard (D:1)
  4 kobolds
  2 rats (D:3)
38 creatures vanquished.

Notes
Turn   | Place    | Note
-------+----------+-------------------------------------------
     0 | D:1      | polve the Tengu Conjurer began the quest for the Orb.
     0 | D:1      | Reached XP level 1. HP: 10/10 MP: 4/4
   211 | D:1      | Reached XP level 2. HP: 15/15 MP: 3/6
   390 | D:1      | Reached skill level 6 in Conjurations
   768 | D:1      | Reached XP level 3. HP: 19/19 MP: 5/7
  1319 | D:2      | Reached skill level 7 in Conjurations
  1445 | D:2      | Found a shattered altar of Ashenzari.
  1642 | D:2      | Reached XP level 4. HP: 23/24 MP: 8/8
  1826 | D:2      | Found an opulent altar of Gozag.
  1978 | D:2      | Found a hide-covered altar of Uskayaw.
  2331 | D:3      | Killed from afar by an orc priest

Skill      XL: |  1  2  3 |
---------------+----------+-----
Conjurations   | 6 7 |  7.5
Dodging        | |  2.1
Stealth        | |  2.0
Spellcasting   | |  2.0

Action                   |  1- 3 |  4- 6 || total
-------------------------+-------+-------++-------
Melee: Unarmed           |    12 |       ||    12
       Kick              |    16 |    10 ||    26
       Dagger            |    52 |    50 ||   102
       Peck              |    10 |     4 ||    14
 Cast: Magic Dart        |    35 |    13 ||    48
 Stab: Sleeping          |     3 |     1 ||     4
  Eat: Chunk             |     3 |     2 ||     5
Armor: Robe              |    25 |    11 ||    36
Dodge: Dodged            |    34 |    24 ||    58
